 Dungeon Crawl Stone Soup version 0.16.2-12-gd0ad4c3 (webtiles) character file.

252 Luxac the Poker (level 5, 3/45 HPs)
             Began as a Minotaur Fighter on Oct 3, 2015.
             Quit the game in a sewer.
             The game lasted 00:09:36 (2545 turns).

Luxac the Poker (Minotaur Fighter)                  Turns: 2545, Time: 00:09:37

Health: 3/45       AC: 10    Str: 26    XL:     5   Next: 89%
Magic:  2/2        EV: 10    Int:  5    God:
Gold:   99         SH:  0    Dex: 10    Spells: 0 memorised, 4 levels left

rFire  . . .     SeeInvis .     a - +0 trident
rCold  . . .     Clarity  .     b - +0 scale mail
rNeg   . . .     SustAb   .     (no shield)
rPois  +         Gourm    .     (helmet restricted)
rElec  .         Spirit   .     s - +2 cloak {rPois}
rCorr  .         Warding  .     (no gloves)
rMut   .         Stasis   .     (no boots)
MR     .....                    (no amulet)
Stlth  ..........               (no ring)
                                (no ring)

@: mighty, not resistant to hostile enchantments, extremely unstealthy
A: retaliatory headbutt, horns 2, wild magic 1
a: no special abilities


You were in a sewer.
You were not hungry.

You visited 1 branch of the dungeon, and saw 3 of its levels.
You also visited: Sewer.

You collected 99 gold pieces.

Inventory:

Hand weapons
 a - a +0 trident (weapon)
Armour
 b - a +0 scale mail (worn)
 s - a +2 cloak of poison resistance (worn)
Magical devices
 q - a wand of flame (21)
Scrolls
 c - 2 scrolls of recharging {unknown}
 f - 3 scrolls of enchant armour {unknown}
 h - 3 scrolls of noise {unknown}
 i - 2 scrolls of magic mapping {unknown}
 l - a scroll of immolation {unknown}
 m - 6 scrolls of identify {unknown}
 n - a scroll of enchant weapon {unknown}
 o - a scroll of teleportation {unknown}
 r - a scroll of blinking {unknown}
 u - a scroll of fog {unknown}
 v - a scroll of amnesia {unknown}
Comestibles
 d - a bread ration
 g - a meat ration
 j - a slice of pizza
 t - 2 fruits


   Skills:
 - Level 3.6 Fighting
 + Level 7.5 Polearms
 - Level 3.6 Armour
   Level 3.6 Shields


You had 4 spell levels left.
You didn't know any spells.

Dungeon Overview and Level Annotations

Branches:
Dungeon (3/15)

Altars:

Annotations:
Sewer Turgon's ghost, average OgIE


Innate Abilities, Weirdness & Mutations

You reflexively headbutt those who attack you in melee.
You have a pair of horns on your head.
Your spells are a little harder to cast, but a little more powerful.


Message History

You are too injured to fight recklessly!
You are too injured to fight recklessly!
You are too injured to fight recklessly!
Your unstable footing causes you to fumble your attack.
Turgon's ghost points at you and mumbles some strange words.
You are frozen.
* * * LOW HITPOINT WARNING * * *
It was a potion of magic.
Magic courses through your body. Turgon's ghost closely misses you.
Drink which item? (? for menu, Esc to quit)
It was a potion of beneficial mutation.
You feel less in control of your magic.
You feel fantastic! Turgon's ghost casts a spell at you.
You are frozen.
* * * LOW HITPOINT WARNING * * *
You puncture Turgon's ghost! Your headbutt misses Turgon's ghost.
Turgon's ghost is moderately damaged.
Turgon's ghost barely misses you.
Are you sure you want to abandon this character and quit the game? (Confirm with "yes".)

# ##.≈.## ##.≈.##
##≈## ##≈## #≈#
#†# #≈# #≈# #≈#
#≈# ##≈# ##≈##
##.≈.# ##..≈##
###≈≈.!W####..≈..#
≈≈≈≈...≈@≈≈≈...≈.#
###≈!≈..####.....#
##.≈.# ##...##
##≈# ##.## #≈ #.#
# #.# .#


You could see Turgon's ghost.

Vanquished Creatures
  Crazy Yiuf (D:2)
  An orc wizard (D:3)
  7 adders
  3 gnolls (D:2)
  A river rat (D:3)
  3 giant geckos (D:1)
  10 orcs (D:3)
  4 ball pythons
  4 giant cockroaches
  5 hobgoblins
  4 quokkas
  22 bats
  A giant gecko zombie (D:3)
  3 giant newts
  2 goblins
  8 kobolds
  9 rats
88 creatures vanquished.

Notes
Turn   | Place    | Note
--------------------------------------------------------------
     0 | D:1      | Luxac, the Minotaur Fighter, began the quest for the Orb.
     0 | D:1      | Reached XP level 1. HP: 19/19 MP: 1/1
   292 | D:1      | Reached XP level 2. HP: 26/26 MP: 1/1
  1037 | D:2      | Reached skill level 4 in Polearms
  1037 | D:2      | Reached XP level 3. HP: 29/31 MP: 2/2
  1171 | D:2      | Reached skill level 5 in Polearms
  1450 | D:2      | Reached XP level 4. HP: 35/39 MP: 2/2
  1807 | D:2      | Noticed Crazy Yiuf
  1810 | D:2      | Killed Crazy Yiuf
  1810 | D:2      | Reached skill level 6 in Polearms
  1938 | D:2      | Reached XP level 5. HP: 45/45 MP: 2/2
  2111 | D:3      | Reached skill level 7 in Polearms
  2435 | D:3      | Found a glowing drain.
  2458 | Sewer    | Entered a sewer
  2527 | Sewer    | Noticed Turgon's ghost (average OgIE)
  2543 | Sewer    | Gained mutation: Your spells are a little harder to cast, but a little more powerful. [potion of beneficial mutation]
  2545 | Sewer    | Quit the game

Action                   |  1- 3 |  4- 6 || total
-------------------------+-------+-------++-------
Melee: Trident           |    72 |   166 ||   238
  Use: Potion            |       |     4 ||     4
  Eat: Chunk             |     1 |     2 ||     3
       Bread ration      |       |     1 ||     1
